 Dungeon Crawl Stone Soup version 0.27.0-1-g7a089689b8 (webtiles) character file.

Game seed: 5088939537608961088

110 shadowrider38 the Gusty (level 4, -4/34 HPs)
             Began as a Draconian Air Elementalist on Aug 11, 2021.
             Was a Follower of the Shining One.
             Killed by divine providence
             ... invoked by an orc priest
              (15 damage)
             ... on level 3 of the Dungeon.
             The game lasted 00:12:52 (3114 turns).

shadowrider38 the Gusty (DrAE)                      Turns: 3114, Time: 00:12:53

Health: -4/34      AC:  6    Str: 12    XL:     4   Next: 61%
Magic:  4/8        EV: 12    Int: 21    God:    the Shining One [*.....]
Gold:   93         SH:  0    Dex: 11    Spells: 3/9 levels left

rFire    . . .     SeeInvis .   a - +0 whip
rCold    . . .     Faith    .   (no shield)
rNeg     . . .     Spirit   .   (armour unavailable)
rPois    .         Reflect  .   (helmet restricted)
rElec    .         Harm     .   b - +0 cloak
rCorr    .         Rampage  .   (no gloves)
Will     .....                  (no boots)
Stlth    +.........             (no amulet)
HPRegen  0.11/turn              h - +6 ring of intelligence
MPRegen  0.11/turn              l - ring of wizardry

@: glowing
A: AC +5, unfitting armour, cold-blooded
a: Renounce Religion


You were on level 3 of the Dungeon.
You worshipped the Shining One.
The Shining One was aware of your devotion.
You visited 1 branch of the dungeon, and saw 3 of its levels.

You collected 93 gold pieces.

Inventory:

Hand Weapons
 a - a +0 whip (weapon)
Missiles
 e - 6 javelins
 f - a throwing net
Armour
 b - a +0 cloak (worn)
Jewellery
 h - a +6 ring of intelligence (left hand)
 l - a ring of wizardry (right hand)
Scrolls
 d - a scroll of vulnerability {unknown}
 g - 3 scrolls of teleportation {unknown}
 i - 3 scrolls of identify {unknown}
 j - a scroll of enchant weapon {unknown}
 k - a scroll of torment {unknown}
Potions
 c - a potion of curing {unknown}
 m - a potion of invisibility {unknown}
 n - a potion of resistance {unknown}


   Skills:
 - Level 0.3 Fighting
 - Level 1.7 Dodging
 - Level 1.7 Stealth
 - Level 3.0 Spellcasting
 - Level 1.0 Conjurations
 + Level 4.7 Air Magic


You had 3 spell levels left.
You knew the following spells:

 Your Spells              Type           Power      Damage    Failure   Level
a - Shock                 Conj/Air       60%        1d6       1%          1
b - Static Discharge      Conj/Air       15%        N/A       2%          2
c - Swiftness             Air            23%        N/A       2%          3

Your spell library contained the following spells:

 Spells                   Type           Power      Damage    Failure   Level
 Gell's Gravitas          Tloc           1%         N/A       16%         3
 Lesser Beckoning         Tloc           1%         N/A       16%         3
 Teleport Other           Tloc           3%         N/A       16%         3
 Airstrike                Air            11%        N/A       8%          4


Dungeon Overview and Level Annotations

Branches:
Dungeon (3/15)

Altars:
Yredelemnul
The Shining One


Innate Abilities, Weirdness & Mutations

Your plain brown scales are hard. (AC +5)
You cannot fit into any form of body armour.
You are cold-blooded and may be slowed by cold attacks.


Message History

The orc priest is lightly wounded.
An orc wizard comes into view. It is wielding a +0 dagger.
Aiming: Shock (safe; 1% risk of failure)
Press: ? - help, Q - select action, (/) - cycle Shift-Dir - straight line, f - orc priest
Aim: an orc priest, wielding a +0 short sword and wearing a +0 chain mail (lightly wounded, 79% to hit)
The zap hits the orc priest.
The orc priest is heavily wounded.
The zap hits the orc wizard.
The orc wizard is moderately wounded.
The orc wizard shouts!
An orc comes into view. It is wielding a +0 dagger.
An orc comes into view. It is wielding a +0 whip.
Aiming: Shock (safe; 1% risk of failure)
Press: ? - help, Q - select action, (/) - cycle Shift-Dir - straight line, f/p - orc priest
Aim: an orc priest, wielding a +0 short sword and wearing a +0 chain mail (heavily wounded, 79% to hit)
The zap hits the orc priest.
The orc priest is severely wounded.
The zap hits the orc wizard.
The orc wizard is severely wounded.
The zap hits the orc.
The orc is lightly wounded.
The orc shouts!
The orc priest calls down the wrath of Beogh upon you.
Pain shoots through your body!
Aiming: Shock (safe; 1% risk of failure)
Press: ? - help, Q - select action, (/) - cycle Shift-Dir - straight line, f/p - orc priest
Aim: an orc priest, wielding a +0 short sword and wearing a +0 chain mail (severely wounded, 79% to hit)
The zap hits the orc priest.
The orc priest is almost dead.
The zap hits the orc wizard.
You kill the orc wizard!
The zap hits the orc.
The orc is heavily wounded.
The orc priest mumbles some strange prayers to Beogh against you.
Beogh smites you!
* * * LOW HITPOINT WARNING * * *
The orc priest calls upon Beogh to heal something.
The orc priest calls down the wrath of Beogh upon you.
Beogh smites you!
You die...

.....#.(##...#.#########
.........#...#.#
##.......#...#.#
...........>.#.#
##........#..#.#
#...........#.#
#.......#..##.#
.........#.....#
.##......#.@########
+.................
#......##.########
#......##.# #...... #.##
... #.†# ... #.o##
....###..# #........##


You could see an orc priest.

Vanquished Creatures
  An orc wizard (D:3)
  2 adders (D:2)
  3 worms (D:2)
  A dart slug (D:1)
  An orc (D:3)
  3 ball pythons
  6 bats
  2 endoplasms (D:1)
  2 giant cockroaches (D:1)
  5 goblins
  2 hobgoblins
  8 jackals
  3 quokkas
  3 frilled lizards
  7 kobolds
  3 rats
52 creatures vanquished.

Notes
Turn   | Place    | Note
-------+----------+-------------------------------------------
     0 | D:1      | shadowrider38 the Draconian Air Elementalist began the
                  | quest for the Orb.
     0 | D:1      | Reached XP level 1. HP: 14/14 MP: 3/3
   395 | D:1      | Reached XP level 2. HP: 18/22 MP: 0/5
   519 | D:1      | Learned a level 2 spell: Static Discharge
   980 | D:1      | Reached XP level 3. HP: 27/27 MP: 3/6
  1231 | D:1      | Found a basalt altar of Yredelemnul.
  1383 | D:2      | Reached skill level 4 in Air Magic
  2080 | D:2      | Reached XP level 4. HP: 30/34 MP: 3/8
  2426 | D:2      | Found a faded altar of an unknown god.
  2432 | D:2      | Became a worshipper of the Shining One
  2432 | D:2      | Reached * piety under the Shining One
  2999 | D:3      | Learned a level 3 spell: Swiftness
  3114 | D:3      | Killed from afar by an orc priest

Illustrated notes

Levels and vault maps discovered:
D:1:      dpeg_arrival_water_altar, layout_basic, minmay_door_square
D:2:      layout_basic, serial_forest, infiniplex_forest_end_3,
          infiniplex_forest_end_1, infiniplex_forest_straight_2,
          infiniplex_forest_lined_room_2, infiniplex_forest_zigzag_1,
          infiniplex_forest_clump_small, shapermc_ecumenical_altar_hornbeckon,
          minmay_nonomino_d4
D:3:      layout_basic, st_stairs_3, uniq_natasha

Skill      XL: |  1  2  3  4 |
---------------+-------------+-----
Air Magic      | 4 |  4.7
Spellcasting   | 3 |  3.0
Fighting       | |  0.3
Dodging        | |  1.7
Stealth        | |  1.7
Conjurations   | |  1.0

Action                   |  1- 3 |  4- 6 || total
-------------------------+-------+-------++-------
Melee: Unarmed           |    71 |    27 ||    98
       Tailslap          |     8 |     1 ||     9
       Whip              |       |     4 ||     4
Throw: Javelin           |     3 |       ||     3
 Cast: Shock             |    72 |    22 ||    94
       Static Discharge  |     1 |       ||     1
Armor: Skin              |    29 |    11 ||    40
Dodge: Dodged            |    52 |    13 ||    65
